 Dungeon Crawl Stone Soup version 0.28.0-47-ge53b351184 (webtiles) character file.

Game seed: 641635475326970086

139308 Kenran the Eclecticist (level 17, -10/133 HPs)
             Began as a Djinni Fire Elementalist on May 1, 2022.
             Was the Champion of Ashenzari.
             Killed from afar by an eleionoma (36 damage)
             ... with a spray of wooden splinters
             ... on level 3 of the Swamp on May 2, 2022.
             The game lasted 02:21:06 (39320 turns).

Kenran the Eclecticist (Djinni Fire Elementalist)  Turns: 39320, Time: 02:21:06

Health: -10/133    AC:  7    Str:  7    XL:     17   Next: 88%
Gold:   3092       EV: 20    Int: 24    God:    Ashenzari [******] SH: 10 Dex: 15

rFire   + + +      SeeInvis +   O - +10 short sword of Ashenzari's Secrets {vorpal, +Blink rElec rF+, Evo, Fort} (curse)
rCold   + . .      Faith    .   z - +0 buckler "Lashed Visionary" {Fort, Cun} (curse)
rNeg    + + .      Spirit   .   H - +0 steam dragon scales "Ensconced With Me" {Fort, Cun} (curse)
rPois   ∞          Reflect  +   g - -2 hat of the Alchemist {rElec rPois rF+ rC+ rN+ Will+ rMut rCorr, Evo, Fort} (curse)
rElec   +          Harm     .   q - scarf "I Knew You'd Do That" {+Inv, Self, Evo} (curse)
rCorr   +          Rampage  .   j - +2 pair of gloves of Ashenzari's Blue Moon {Fort, Melee} (curse)
rMut    +          Clarity  +   (boots unavailable)
Will    ++...                   a - amulet "Chained Anxiety" {Reflect SH+5, Cun, Fort} (curse)
Stlth   ++++......              m - ring "Stellar Adversity" {rN+, Evo, Fort} (curse)
HPRegen 0.32/turn               t - ring "Lashed With Me" {Ice, Cun, Fort} (curse)
MPRegen 0.00/turn

@: flying
A: sickness immunity, fire resistance 2, cold vulnerability 1, float, innate
caster, HP casting, extra vitality 1
a: Renounce Religion, Evoke Blink, Evoke Invisibility, Shatter the Chains


You were on level 3 of the Swamp.
You worshipped Ashenzari.
Ashenzari was exalted by your worship.
You visited 5 branches of the dungeon, and saw 27 of its levels.
You also visited: Sewer and Volcano.

You collected 3681 gold pieces.
You spent 589 gold pieces at shops.

Inventory:

Hand Weapons
 O - the cursed +10 short sword of Ashenzari's Secrets (weapon) {vorpal, +Blink rElec rF+, Evo, Fort}
   (You took it off a centaur on level 9 of the Dungeon)

   It inflicts extra damage upon your enemies.
   rF:        It protects you from fire.
   rElec:     It insulates you from electricity.
   +Blink:    It lets you blink.
   It has a curse which improves the following skills: Evocations: Evocations.
   Fortitude: Armour and Shields.
Missiles
 b - 67 poisoned darts
 d - 4 throwing nets
Armour
 g - the cursed -2 hat of the Alchemist (worn) {rElec rPois rF+ rC+ rN+ Will+ rMut rCorr, Evo, Fort}
   (You found it on level 6 of the Lair of Beasts)

   rF:        It protects you from fire.
   rC:        It protects you from cold.
   rElec:     It insulates you from electricity.
   rPois:     It protects you from poison.
   rN:        It protects you from negative energy.
   rCorr:     It protects you from acid and corrosion.
   rMut:      It protects you from mutation.
   Will:      It increases your willpower.
   It has a curse which improves the following skills: Evocations: Evocations.
   Fortitude: Armour and Shields.
 j - the cursed +2 pair of gloves of Ashenzari's Blue Moon (worn) {Fort, Melee}
   (You found it on level 9 of the Dungeon)

   It has a curse which improves the following skills: Fortitude: Armour and
   Shields.
   Melee Combat: Short Blades, Long Blades, Axes, Maces & Flails, Polearms,
   Staves and Unarmed Combat.
 q - the cursed scarf "I Knew You'd Do That" (worn) {+Inv, Self, Evo}
   (You found it on level 8 of the Dungeon)

   It has a curse which improves the following skills: Introspection: Fighting
   and Spellcasting.
   Evocations: Evocations.
 z - the cursed +0 buckler "Lashed Visionary" (worn) {Fort, Cun}
   (You took it off a spriggan on level 6 of the Lair of Beasts)

   It has a curse which improves the following skills: Fortitude: Armour and
   Shields.
   Cunning:   Dodging and Stealth.
 H - the cursed +0 steam dragon scales "Ensconced With Me" (worn) {Fort, Cun}
   (You found it on level 6 of the Dungeon)

   It has a curse which improves the following skills: Fortitude: Armour and
   Shields.
   Cunning:   Dodging and Stealth.
 U - a +2 cloak of stealth
Jewellery
 a - the cursed amulet "Chained Anxiety" (around neck) {Reflect SH+5, Cun, Fort}
   (You found it on level 7 of the Dungeon)

   [amulet of reflection]

   It reflects blocked missile attacks.
   SH:        It affects your SH (+5).
   It has a curse which improves the following skills: Cunning: Dodging and
   Stealth.
   Fortitude: Armour and Shields.
 m - the cursed ring "Stellar Adversity" (left hand) {rN+, Evo, Fort}
   (You found it on level 3 of the Dungeon)

   [ring of positive energy]

   rN:        It protects you from negative energy.
   It has a curse which improves the following skills: Evocations: Evocations.
   Fortitude: Armour and Shields.
 t - the cursed ring "Lashed With Me" (right hand) {Ice, Cun, Fort}
   (You took it off a kobold in a sewer)

   [ring of ice]

   It enhances your ice magic.
   rF:        It makes you vulnerable to fire.
   rC:        It protects you from cold.
   It has a curse which improves the following skills: Cunning: Dodging and
   Stealth.
   Fortitude: Armour and Shields.
 M - a +4 ring of protection
 P - an amulet of regeneration
 T - a ring of wizardry
 V - a +6 ring of dexterity
Wands
 h - a wand of iceblast (16)
 k - a wand of acid (12)
 o - a wand of paralysis (9)
 p - a wand of digging (20)
 v - a wand of polymorph (13)
 y - a wand of flame (47)
 B - a wand of charming (11)
 G - a wand of mindburst (7)
Scrolls
 f - 6 scrolls of blinking
 i - 2 scrolls of brand weapon
 l - 9 scrolls of enchant weapon
 n - 2 scrolls of summoning
 x - 3 scrolls of torment {!r}
 A - a scroll of holy word
 C - 4 scrolls of magic mapping
 D - 6 scrolls of immolation {!r}
 E - 10 scrolls of teleportation
 F - a scroll of silence
 K - 4 scrolls of fog
 Q - 4 scrolls of enchant armour
 R - a scroll of fear
Potions
 c - 10 potions of curing {@q1}
 e - 8 potions of heal wounds {@q2}
 r - 6 potions of might
 s - 5 potions of invisibility
 u - 5 potions of mutation {!q}
 w - 5 potions of haste
 I - a potion of berserk rage {!q}
 J - a potion of cancellation
 L - 3 potions of lignification {!q}
 S - 2 potions of brilliance
Miscellaneous
 N - a box of beasts


   Skills:
 - Level 13.5(16.1) Fighting
 - Level 9.1(12.0) Short Blades
 - Level 3.6(8.3) Long Blades
 - Level 1.3(6.6) Armour
 - Level 10.5(16.6) Dodging
 - Level 3.0(7.9) Stealth
 - Level 1.0(5.7) Shields
 + Level 17.1(19.6) Spellcasting
 - Level 7.0(13.0) Evocations


You had 12 spell levels left.
You knew the following spells:

 Your Spells              Type           Power      Damage    Failure   Level
a - Foxfire               Conj/Fire      100%       2x1d9     0%          1
b - Scorch                Fire           100%       2d10      0%          2
c - Conjure Flame         Conj/Fire      87%        6-21      0%          3
d - Inner Flame           Hex/Fire       87%        N/A       0%          3
e - Flame Wave            Conj/Fire      87%        2d15      0%          4
f - Shock                 Conj/Air       100%       1d9       0%          1
g - Searing Ray           Conj           100%       2d8       0%          2
h - Wereblood             Tmut           87%        N/A       0%          2
i - Summon Ice Beast      Ice/Summ       100%       N/A       0%          4
j - Summon Lightning Spi  Summ/Air       87%        N/A       0%          4
k - Borgnjor's Vile Clut  Necr/Erth      43%        N/A       1%          5
l - Summon Cactus Giant   Summ           43%        N/A       1%          6
m - Eringya's Noxious Bo  Tmut/Pois      43%        N/A       1%          6
Your spell library was empty.

Dungeon Overview and Level Annotations

Branches:
Dungeon (15/15)            Temple (1/1) D:7            Lair (6/6) D:8
  Swamp (3/4) Lair:4       Spider (0/4) Lair:4        Slime (0/5) Lair:6
    Orc (2/2) D:10            Elf (0/3) Orc:2        Vaults (0/5) D:14
  Sewer (visited)         Volcano (visited)
 Depths: D:15

Altars:
Ashenzari
Cheibriados
Dithmenos
Elyvilon
Fedhas
Hepliaklqana
Kikubaaqudgha
Makhleb
Nemelex Xobeh
Qazlal
Trog
Vehumet
Wu Jian
Xom
Yredelemnul
Zin
The Shining One
Beogh

Shops:
D:5 *   Orc:1 ?   Orc:2 !(?=([:

Annotations:
D:7 2 runed translucent doors, Omnilove's ghost, novice BaIE
D:8 exclusion: door
D:9 exclusion: downstairs
D:10 2 transporters, 101zpm's ghost, novice DjFE
D:14 exclusion: downstairs
D:15 exclusion: door
Lair:5 exclusion: downstairs


Innate Abilities, Weirdness & Mutations

You are immune to sickness and miasma.
You are immune to poison.
Your flesh is very heat resistant. (rF++)
You are vulnerable to cold. (rC-)
You float through the air rather than walking.
You learn spells naturally, not from books.
Your magical power is your life essence.
You have superior vitality. (+4 MHP)


Message History

You destroy the will-o-the-wisp!
An eleionoma comes into view.
Casting: Foxfire (safe; 0% risk of failure)
Confirm with . or Enter, or press ? or * to list all spells.
Aiming: Borgnjor's Vile Clutch (safe; 1% risk of failure)
Press: ? - help, Shift-Dir - straight line, f - eleionoma
Aim: an eleionoma (asleep, 100% to hit)
The eleionoma shouts!
Zombie hands grab the eleionoma.
The zombie hands constrict the eleionoma.
The eleionoma struggles to escape constriction.
The zombie hands constrict the eleionoma.
Your lightning spire disappears in a puff of smoke!
The zombie hands constrict the eleionoma!
The zombie hands lose their grip on the eleionoma.
The eleionoma flows through the trees.
Casting: Borgnjor's Vile Clutch (safe; 1% risk of failure)
Confirm with . or Enter, or press ? or * to list all spells.
Aiming: Borgnjor's Vile Clutch (safe; 1% risk of failure)
Press: ? - help, Shift-Dir - straight line, f/p - eleionoma
Aim: an eleionoma (moderately wounded, ally target, 100% to hit)
Zombie hands grab the eleionoma.
The zombie hands constrict the eleionoma!
The eleionoma hurls a spray of splinters at you.
The spray of wooden splinters hits you!!
The zombie hands constrict the eleionoma!
The eleionoma hurls a spray of splinters at you.
The spray of wooden splinters hits you!!
* * * LOW HITPOINT WARNING * * *
Your cactus giant hits the eleionoma with a +0 giant spiked club!
Casting: Borgnjor's Vile Clutch (safe; 1% risk of failure)
Confirm with . or Enter, or press ? or * to list all spells.
Flames lash the eleionoma.
The eleionoma is severely wounded.
The eleionoma's fire resistance burns away.
* * * LOW HITPOINT WARNING * * *
The zombie hands constrict the eleionoma!
The eleionoma hurls a spray of splinters at you.
The spray of wooden splinters hits you!!!
You die...

♣♣♣.....#.###..≈..≈♣♣≈..≈
♣♣♣♣≈≈≈............♣♣♣♣♣.
♣♣♣♣♣≈≈........≈≈..≈♣♣♣.≈
♣♣♣♣.≈≈≈.≈≈....≈≈.≈♣♣♣♣.≈
♣♣♣.........§.....♣♣♣♣§≈≈
♣♣♣♣≈.≈.≈.≈...♣♣≈≈♣♣♣≈≈≈≈
♣♣♣♣....≈≈..♣♣♣≈.♣♣♣♣≈≈§≈
♣♣♣≈..≈....R♣.♣≈≈. ♣♣..≈≈
♣♣.≈≈≈.@.C.≈.....♣♣♣...≈
♣♣♣....≈...≈≈♣.♣♣♣♣♣.≈≈≈
♣♣♣≈≈≈§≈...≈.♣* ♣♣≈≈≈≈
♣≈.≈....≈♣≈♣♣ ♣♣≈≈≈≈
♣♣.♣♣..≈.♣ ♣ ♣♣.≈≈≈
♣♣*♣≈.... ♣♣≈.≈.
.≈≈≈.≈.** ♣♣.≈. ♣≈♣♣....*
♣♣♣♣ * ****≈*


You could see an eleionoma (combustible, clutched, ally target) and a friendly
cactus giant (summoned).

Vanquished Creatures
  Frances (Swamp:2)
  A thorn hunter (Swamp:3)
  Nessos (Lair:5)
  2 eleionomae (Swamp:2)
  Josephine (D:10)
  8 hydras
  2 boulder beetles
  A vault guard (D:14)
  A ghost crab (Swamp:2)
  5 centaur warriors
  14 two-headed ogres
  2 ogre magi (D:15)
  4 alligators
  A catoblepas (Lair:4)
  3 tengu warriors
  Nergalle (Lair:2)
  2 skeletal warriors (D:15)
  5 goliath frogs
  A swamp dragon (Swamp:2)
  3 bog bodies
  4 orc knights
  10 ugly things
  3 manticores
  2 orc sorcerers (Orc:1)
  A will-o-the-wisp (Swamp:3)
  Maurice (D:8)
  3 black mambas
  2 gargoyles
  8 cane toads
  2 efreet
  An unseen horror (D:12)
  A rime drake (Lair:4)
  Psyche (D:9)
  7 komodo dragons
  A yaktaur (D:15)
  5 tyrant leeches
  4 trolls
  6 hornets
  A meliai (Lair:4)
  4 polar bears
  4 slime creatures (D:14)
  13 blink frogs
  Grinder (Sewer)
  4 dream sheep
  13 spriggans
  2 wraiths (D:9)
  Sigmund (D:2)
  3 vampires
  A spriggan (shapeshifter) (D:14)
  A shadow (D:9)
  5 wyverns
  2 steam dragons
  3 basilisks
  A hog (Swamp:3)
  4 vampire mosquitoes
  28 yaks
  Menkaure (D:7)
  The ghost of Skull the Sneak, an amateur HuEn of Uskayaw (D:4)
  A warg (Orc:1)
  7 swamp worms
  14 water moccasins
  2 black bears
  31 orc warriors
  A sky beast (D:8)
  2 necrophages
  An ice beast (D:6)
  24 wolves
  11 ogres
  3 boggarts (Lair:6)
  11 centaurs
  2 lemures (D:5)
  2 phantoms
  2 kobold brigands
  14 bullfrogs
  4 scorpions
  A hornet simulacrum (D:15)
  A water moccasin skeleton (D:6)
  4 killer bees
  4 wights
  2 electric eels
  2 howler monkeys (D:8)
  3 jellies
  4 centaur zombies
  10 orc priests
  A centaur skeleton (D:7)
  4 hounds
  Ijyb (D:5)
  Crazy Yiuf (D:2)
  3 iguanas
  13 orc wizards
  Terence (D:2)
  3 hell rats (Lair:5)
  A killer bee zombie (D:6)
  A howler monkey skeleton (D:5)
  2 howler monkey zombies
  6 gnolls
  12 adders
  2 shadow imps
  A white imp (D:6)
  2 ufetubi
  4 worms
  3 dart slugs
  62 orcs
  11 ball pythons
  5 endoplasms
  5 giant cockroaches
  10 hobgoblins
  4 jackals (D:3)
  A quokka (D:2)
  7 bats
  4 frilled lizards
  36 kobolds
  A kobold zombie (Sewer)
  A quokka skeleton (D:4)
  4 rats
589 creatures vanquished.

Vanquished Creatures (collateral kills)
  Kirke (Swamp:3)
  A ghoul (Swamp:3)
  A bunyip (Swamp:1)
  2 boulder beetles
  3 vault guards (D:14)
  A ghost crab (Swamp:2)
  5 hydras
  2 centaur warriors
  2 alligators (Swamp:2)
  An orc high priest (Orc:1)
  Sonja (Lair:5)
  2 skeletal warriors (D:15)
  A bog body (Swamp:2)
  2 swamp dragons (Swamp:3)
  Pikel (D:5)
  A deep elf pyromancer (D:14)
  An orc sorcerer (Orc:2)
  4 ugly things
  A cyclops (D:15)
  A will-o-the-wisp (Swamp:1)
  2 black mambas
  A torpor snail (Lair:3)
  5 cane toads
  2 rime drakes (Lair:6)
  2 yaktaurs (D:15)
  An efreet (Volcano)
  3 komodo dragons
  A bloated husk (Swamp:2)
  A troll (D:9)
  4 polar bears
  3 hornets
  6 slime creatures
  A tyrant leech (Swamp:1)
  10 blink frogs
  3 wraiths
  5 spriggans
  2 shadows
  A fire elemental (Volcano)
  3 vampire mosquitoes
  2 hogs (Swamp:3)
  17 yaks
  3 wyverns
  2 swamp worms
  4 acid dragons (D:11)
  A swamp drake (Swamp:2)
  A hornet zombie (D:8)
  7 water moccasins
  6 orc warriors
  An ice beast (D:8)
  3 black bears
  An ogre (D:15)
  A necrophage (Swamp:3)
  10 wolves
  6 centaurs
  3 kobold brigands
  6 bullfrogs
  2 wights (D:9)
  3 howler monkeys
  A hound (D:8)
  3 orc wizards
  3 hell rats (Lair:5)
  2 nameless horrors
  10 orcs
  7 kobolds
  13 foxfires
208 creatures vanquished.

Vanquished Creatures (others)
  An alligator (Swamp:2)
  A tengu conjurer (D:15)
  A human (D:4)
  1254 foxfires
  10 fungi
  39 plants
  3 toadstools (D:15)
1309 creatures vanquished.

Grand Total: 2106 creatures vanquished

Notes
Turn   | Place    | Note
-------+----------+-------------------------------------------
     0 | D:1      | Kenran the Djinni Fire Elementalist began the quest for the
                  | Orb.
     0 | D:1      | Reached XP level 1. HP: 15/15 MP: 0/0
   150 | D:1      | Reached XP level 2. HP: 18/21 MP: 0/0
   450 | D:1      | Found a faded altar of an unknown god.
   679 | D:2      | Reached skill level 1 in Fighting
   679 | D:2      | Reached XP level 3. HP: 24/27 MP: 0/0
   679 | D:2      | Learned a level 1 spell: Shock
   861 | D:2      | Noticed Terence
  1232 | D:1      | Reached skill level 3 in Spellcasting
  1232 | D:1      | Reached XP level 4. HP: 13/33 MP: 0/0
  1563 | D:2      | Noticed Sigmund
  1830 | D:2      | Killed Terence
  1947 | D:2      | Reached XP level 5. HP: 32/38 MP: 0/0
  1947 | D:2      | Learned a level 2 spell: Searing Ray
  1974 | D:2      | Killed Sigmund
  1975 | D:2      | Reached XP level 6. HP: 18/45 MP: 0/0
  2236 | D:2      | Found a runed translucent door.
  2237 | D:2      | Noticed Crazy Yiuf
  2418 | D:3      | Reached skill level 4 in Spellcasting
  3232 | D:3      | Reached XP level 7. HP: 35/50 MP: 0/0
  3232 | D:3      | Learned a level 2 spell: Wereblood
  3979 | D:4      | Reached skill level 5 in Spellcasting
  4097 | D:4      | Reached skill level 1 in Evocations
  4200 | D:4      | Found a runed translucent door.
  4201 | D:4      | Noticed Skull's ghost (amateur HuEn)
  4209 | D:4      | Found a snail-covered altar of Cheibriados.
  4539 | D:4      | Noticed a human
  4541 | D:4      | Killed a human
  4654 | D:5      | Entered Level 5 of the Dungeon
  4663 | D:5      | Found a glowing drain.
  4688 | D:5      | Reached XP level 8. HP: 47/56 MP: 0/0
  4835 | Sewer    | Entered a sewer
  5157 | Sewer    | Reached skill level 6 in Spellcasting
  5281 | Sewer    | Noticed Grinder
  5288 | Sewer    | Killed Grinder
  5472 | D:5      | Reached skill level 7 in Spellcasting
  5787 | D:5      | Reached XP level 9. HP: 60/62 MP: 0/0
  5787 | D:5      | Learned a level 4 spell: Summon Ice Beast
  5799 | D:5      | Found a sparkling altar of Nemelex Xobeh.
  5813 | D:5      | Noticed Ijyb
  5818 | D:5      | Killed Ijyb
  6025 | D:5      | Noticed Pikel
  6050 | D:5      | Killed Pikel
  6051 | D:5      | Reached skill level 1 in Short Blades
  6292 | D:5      | Identified the +1 scale mail "Tyomoj" {Will+}
  6458 | D:5      | Found Fodotz's General Store.
  6468 | D:5      | Bought a potion of curing for 33 gold pieces
  6468 | D:5      | Bought a scroll of identify for 22 gold pieces
  6600 | D:6      | Found a glowing golden altar of the Shining One.
  7013 | D:6      | Reached skill level 5 in Fighting
  7150 | D:6      | Reached skill level 8 in Spellcasting
  7518 | D:6      | Reached skill level 5 in Dodging
  7518 | D:6      | Reached XP level 10. HP: 64/70 MP: 0/0
  7997 | D:7      | Noticed Menkaure
  8002 | D:7      | Killed Menkaure
  8060 | D:7      | Found a staircase to the Ecumenical Temple.
  8069 | Temple   | Entered the Ecumenical Temple
  8106 | Temple   | Became a worshipper of Ashenzari the Shackled
  9082 | D:7      | Found a large runed translucent door.
  9083 | D:7      | Found a large runed translucent door.
  9085 | D:7      | Noticed Omnilove's ghost (novice BaIE)
  9996 | D:8      | Reached skill level 9 in Spellcasting
 10259 | D:8      | You are sucked into a shaft and drop 1 floor!
 10809 | D:8      | Reached XP level 11. HP: 53/79 MP: 0/0
 10809 | D:8      | Learned a level 4 spell: Summon Lightning Spire
 11008 | D:8      | Noticed Maurice
 11107 | D:9      | Found a glowing silver altar of Zin.
 11269 | D:9      | Found a basalt altar of Yredelemnul.
 11287 | D:9      | Noticed a two-headed ogre
 11291 | D:9      | Killed a two-headed ogre
 11308 | D:9      | Noticed Psyche
 11310 | D:9      | Killed Psyche
 11614 | D:9      | Noticed a two-headed ogre
 11621 | D:9      | Killed a two-headed ogre
 11621 | D:9      | Identified the +10 short sword "Kif Qad" {vorpal, +Blink
                  | rElec rF+}
 11630 | D:9      | Reached skill level 10 in Spellcasting
 12079 | D:9      | Reached * piety under Ashenzari
 12212 | D:10     | Entered Level 10 of the Dungeon
 12418 | D:10     | Found a staircase to the Orcish Mines.
 12626 | D:10     | Noticed a two-headed ogre
 12634 | D:10     | Killed a two-headed ogre
 12646 | D:10     | Found a transporter.
 12648 | D:10     | Noticed 101zpm's ghost (novice DjFE)
 12648 | D:10     | Noticed a two-headed ogre
 12797 | D:10     | Noticed a two-headed ogre
 12799 | D:10     | Noticed a two-headed ogre
 12801 | D:10     | Noticed a two-headed ogre
 12848 | D:10     | Noticed Josephine
 12881 | D:9      | HP: 3/82 [wraith[Josephine] (6)]
 13594 | D:10     | Identified the +4 dire flail of Daef {flame, Int+3}
 13594 | D:10     | Identified the +5 great mace "Spiderslayer" {spect, Dex+2
                  | Stlth+}
 13594 | D:10     | Noticed a two-headed ogre
 13611 | D:10     | Killed Josephine
 13612 | D:10     | Reached XP level 12. HP: 62/89 MP: 0/0
 13841 | D:10     | Reached ** piety under Ashenzari
 14313 | D:11     | Found a shadowy altar of Dithmenos.
 14369 | D:11     | Noticed a boulder beetle
 14496 | D:11     | Reached *** piety under Ashenzari
 14642 | D:12     | Noticed a six-headed hydra
 14875 | D:4      | Killed Skull's ghost
 15004 | D:2      | Killed Crazy Yiuf
 15179 | D:8      | Killed Maurice
 15180 | D:8      | Reached skill level 1 in Long Blades
 15180 | D:8      | Reached skill level 11 in Spellcasting
 15695 | D:8      | Found a staircase to the Lair.
 15938 | D:8      | Found a hazy altar of Hepliaklqana.
 15988 | Lair:1   | Entered Level 1 of the Lair of Beasts
 16775 | Lair:1   | Identified the +10 war axe of Impatience {speed, Drain
                  | rElec rPois}
 17085 | Lair:1   | Reached XP level 13. HP: 93/98 MP: 0/0
 17085 | Lair:1   | Learned a level 5 spell: Borgnjor's Vile Clutch
 17109 | Lair:2   | Noticed Nergalle
 17113 | Lair:2   | Noticed a four-headed hydra
 17122 | Lair:2   | Killed a four-headed hydra
 17122 | Lair:2   | Killed Nergalle
 17366 | Lair:2   | Noticed a boulder beetle
 17382 | Lair:2   | Killed a boulder beetle
 17531 | Lair:2   | Reached skill level 10 in Fighting
 17698 | Lair:2   | Reached skill level 10 in Dodging
 17839 | Lair:2   | Noticed a four-headed hydra
 17847 | Lair:2   | Killed a four-headed hydra
 18199 | Lair:2   | Reached skill level 5 in Short Blades
 18514 | Lair:2   | Reached **** piety under Ashenzari
 19436 | Lair:3   | Noticed an eight-headed hydra
 19441 | Lair:3   | Killed an eight-headed hydra
 19623 | Lair:3   | Reached ***** piety under Ashenzari
 19715 | Lair:3   | Found a dark tunnel.
 19840 | Volcano  | Entered a volcano
 20127 | Lair:3   | Reached XP level 14. HP: 97/110 MP: 0/0
 20243 | Lair:3   | Reached skill level 12 in Spellcasting
 20243 | Lair:3   | Reached XP level 15. HP: 110/118 MP: 0/0
 20243 | Lair:3   | Learned a level 6 spell: Summon Cactus Giant
 20840 | Lair:4   | Found a shimmering altar of Xom.
 21284 | Lair:4   | Found a staircase to the Swamp.
 21520 | Lair:4   | Found a hole to the Spider Nest.
 21614 | Lair:5   | Noticed Sonja
 21625 | Lair:5   | Killed Sonja
 21626 | Lair:5   | Reached skill level 13 in Spellcasting
 21866 | Lair:5   | Noticed Nessos
 21876 | Lair:5   | Killed Nessos
 21877 | Lair:5   | Reached skill level 1 in Shields
 21880 | Lair:5   | Reached skill level 1 in Armour
 22668 | Lair:6   | Entered Level 6 of the Lair of Beasts
 22796 | Lair:6   | Reached skill level 5 in Evocations
 22959 | Lair:6   | Found a staircase to the Slime Pits.
 24255 | Lair:6   | Found the -2 hat of the Alchemist {rElec rPois rF+ rC+ rN+
                  | Will+ rMut rCorr}
 27543 | D:13     | Reached XP level 16. HP: 102/126 MP: 0/0
 28844 | D:14     | Reached ****** piety under Ashenzari
 29492 | D:14     | Reached skill level 14 in Spellcasting
 29695 | D:14     | Found a gate to the Vaults.
 30750 | D:15     | Entered Level 15 of the Dungeon
 31206 | D:15     | Found a glowing golden altar of the Shining One.
 32122 | D:15     | Reached skill level 15 in Spellcasting
 32379 | D:15     | Reached XP level 17. HP: 97/133 MP: 0/0
 32379 | D:15     | Learned a level 6 spell: Eringya's Noxious Bog
 32818 | Orc:1    | Entered Level 1 of the Orcish Mines
 33560 | Orc:1    | Found Fathroim's Magic Scroll Shop.
 33568 | Orc:1    | Bought a scroll of fog for 30 gold pieces
 33568 | Orc:1    | Bought a scroll of blinking for 112 gold pieces
 33568 | Orc:1    | Bought a scroll of summoning for 142 gold pieces
 33753 | Orc:2    | Entered Level 2 of the Orcish Mines
 33763 | Orc:2    | Found Fuorcheri's Magic Scroll Emporium.
 33771 | Orc:2    | Bought a scroll of teleportation for 45 gold pieces
 33771 | Orc:2    | Bought a scroll of teleportation for 45 gold pieces
 33916 | Orc:2    | Found Xiopo's Distillery.
 33924 | Orc:2    | Bought a potion of heal wounds for 80 gold pieces
 33924 | Orc:2    | Bought a potion of heal wounds for 80 gold pieces
 34709 | Orc:2    | Found Furag's Book Boutique.
 34799 | Orc:2    | Found Rotalepp's Antique Weapon Emporium.
 34799 | Orc:2    | Found Opseczasch's Antique Armour Shop.
 34802 | Orc:2    | Found Wiuptico's Jewellery Shoppe.
 35305 | Orc:2    | Found Wiony's Weapon Shop.
 35357 | Orc:2    | Found a staircase to the Elven Halls.
 35761 | D:10     | Found a transporter.
 35913 | Swamp:1  | Entered Level 1 of the Swamp
 36163 | Swamp:1  | Reached skill level 16 in Spellcasting
 38120 | Swamp:2  | Noticed Frances
 38144 | Swamp:2  | Killed Frances
 38715 | Swamp:3  | Noticed a thorn hunter
 38726 | Swamp:3  | Killed a thorn hunter
 38727 | Swamp:3  | Reached skill level 17 in Spellcasting
 38890 | Swamp:3  | Noticed Kirke
 38901 | Swamp:3  | Noticed a sphinx
 38901 | Swamp:3  | Killed Kirke
 39320 | Swamp:3  | Killed from afar by an eleionoma

Illustrated notes

Levels and vault maps discovered:
D:1:      nzn_arrival_water_spiral, layout_rooms,
          shapermc_ecumenical_altar_ellora
D:2:      layout_rooms, uniq_crazy_yiuf_cottage, uniq_sigmund, uniq_terence
D:3:      layout_basic
D:4:      layout_loops_ring, mainiacjoe_overflow_cross_hatched,
          tgw_kikubaaqudgha, gammafunk_ghost_grave
D:5:      layout_loops_corners, mainiacjoe_overflow_brackets,
          portal_sewer_entry_a, serial_shops, nicolae_stop_n_shop_1, uniq_pikel,
          uniq_ijyb
D:6:      minmay_general_purpose_star, layout_rooms,
          mainiacjoe_overflow_chevrons, serial_co_window_serial,
          co_window_of_opportunity_a, co_window_of_opportunity_a,
          co_window_corner_a, co_window_of_opportunity_a, co_window_corner_a,
          co_window_corner_ca, co_window_corner_cb, co_window_paths_c,
          co_window_paths_c, co_window_4corner_a, co_window_sun,
          glass_columns_a, hangedman_decor_peaks_small
D:7:      layout_basic, minmay_temple_entry_mist, ebering_ghost_disaster_area,
          uniq_menkaure
D:8:      minmay_polygon_palace, layout_rooms, nicolae_hepliaklqana_hippocampus,
          erik_lair_island, chequers_serial_rivers_micro_c, patterned_corridor,
          uniq_maurice
D:9:      lemuel_flame_loot_2, layout_rooms, mainiacjoe_overflow_swirl,
          minmay_starry_boxes, uniq_psyche
D:10:     layout_basic, orc_0_dummy, gammafunk_ghost_smash,
          chequers_serial_rivers_small_b, uniq_josephine
D:11:     layout_rooms, grunt_dithmenos_smoke_and_mirrors
D:12:     layout_roguey
D:13:     layout_long_grid
D:14:     layout_basic, lightli_vaults_fourway_checkpoint,
          nicolae_twisting_strands
D:15:     grunt_enter_depths_magical_seal, layout_irregular_city,
          nicolae_tso_carved_into_rock, minmay_gold_behind_fungi,
          hangedman_decor_points
Temple:   regret_index_temple_waves
Lair:1:   layout_cave_shapes
Lair:2:   layout_gridlike, grunt_megastairs_4, uniq_nergalle
Lair:3:   layout_roguey, lightli_volcano_entry_magma_tube
Lair:4:   layout_cave_shapes, swamp_mist_pool,
          hellmonk_spider_entry_not_the_bees, basic_altar
Lair:5:   layout_misc_corridors, uniq_nessos, uniq_sonja
Lair:6:   minmay_lair_end_enchanted_forest, layout_cave_pods,
          minmay_slime_entry_pillars, chequers_serial_rivers_micro_a,
          st_stairs_8, serial_bayou_shore_a, grunt_megastairs_2
Swamp:1:  layout_basic_swamp, evilmike_swamp_ruin_house_6
Swamp:2:  layout_falls_marsh, nicolae_swamp_ascending_descending, uniq_frances
Swamp:3:  layout_basic_swamp, serial_swamp_ruin, evilmike_swamp_ruin_house_3,
          evilmike_swamp_ruin_house_2, swamp_pool4, uniq_kirke
Orc:1:    layout_caves, basic_altar, serial_shops, nicolae_lakefront_shop
Orc:2:    st_orc_rangers, layout_diamond_mine, serial_shops,
          nicolae_shop_hallway_stairs, nicolae_square_shop, shop, basic_altar

Skill      XL: |  1  2  3  4  5  6  7  8  9 10 11 12 13 14 15 16 17 |
---------------+----------------------------------------------------+-----
Stealth        | 2 3 |  3.0
Fighting       | 1 2 3 4 5 6 8 9 11 12 13 | 13.5
Spellcasting   | 3 4 5 7 8 9 10 11 12 13 15 17 | 17.1
Dodging        | 3 5 6 7 8 10 | 10.5
Evocations     | 1 2 3 4 7 |  7.0
Short Blades   | 2 3 4 6 7 9 |  9.1
Long Blades    | 3 |  3.6
Shields        | 1 |  1.0
Armour         | 1 |  1.3

Action                   |  1- 3 |  4- 6 |  7- 9 | 10-12 | 13-15 | 16-18 || total
-------------------------+-------+-------+-------+-------+-------+-------++-------
Melee: Unarmed           |     1 |     1 |       |       |       |       ||     2
       Falchion          |       |       |    12 |       |       |       ||    12
       Whip              |       |       |     1 |       |       |       ||     1
       Short sword       |       |       |     2 |    19 |    15 |    36 ||    72
 Cast: Foxfire           |    56 |    60 |   194 |   183 |   154 |   142 ||   789
       Scorch            |     1 |    19 |    36 |   170 |    69 |    55 ||   350
       Shock             |       |     4 |       |       |       |       ||     4
       Searing Ray       |       |     3 |     2 |     6 |       |       ||    11
       Conjure Flame     |       |       |     1 |       |       |       ||     1
       Summon Ice Beast  |       |       |     3 |    43 |    44 |    37 ||   127
       Summon Lightning  |       |       |       |    42 |    46 |    56 ||   144
       Borgnjor's Vile C |       |       |       |       |   209 |   216 ||   425
       Summon Cactus Gia |       |       |       |       |    17 |    39 ||    56
       Eringya's Noxious |       |       |       |       |       |     1 ||     1
Invok: Curse Item        |       |       |       |     4 |     4 |     2 ||    10
       Shatter the Chain |       |       |       |       |     1 |       ||     1
Evoke: Wand              |       |       |       |     1 |       |       ||     1
  Use: Scroll            |       |       |     4 |     8 |       |     1 ||    13
       Potion            |       |       |     1 |     1 |     1 |     1 ||     4
 Stab: Sleeping          |       |       |     7 |     1 |     1 |       ||     9
       Distracted        |       |       |       |       |       |     1 ||     1
Armor: Robe              |     2 |     1 |     3 |       |       |       ||     6
       Steam dragon scal |       |       |       |    25 |     8 |     4 ||    37
Dodge: Dodged            |     4 |    13 |    27 |    82 |    28 |    40 ||   194
Block: Other             |       |       |       |    14 |    10 |       ||    24
       Reflection        |       |       |       |     7 |     2 |    39 ||    48
       Buckler           |       |       |       |       |     2 |    54 ||    56
